Map: Ruins of Seras

Players

Nistic

  • Race: Zerg Zerg
  • League: Master

State - Winner!

  • Race: Protoss Protoss
  • League: Master

VOD

Have the link to the VOD?

Description

Time

  • Played on: Feb. 1, 2016, 5:29 p.m.
  • Length: 7:31
Show
View Real Time Build Order
Export as new Build Order

Nistic Zerg 

Build Orders: Hatch First 

Get SALT Encoding   

  12  0:01  Drone  
  13  0:10  Drone  
  14  0:19  Overlord  
  14  0:24  Extractor  
  14  0:25  Drone  
  15  0:37  Drone  
  15  0:38  Drone  
  17  0:56  Hatchery  
  16  0:58  Drone  
  17  1:11  Spawning Pool  
  17  1:15  Drone  
  17  1:18  Extractor  
  16  1:20  Drone  
  16  1:24  Drone  
  18  1:28  Drone  
  19  1:40  Overlord  
  19  1:53  Drone  
  20  1:57  Queen  
  20  2:00  Zergling x2  
  23  2:07  Queen  
  23  2:08  Drone  
  26  2:10  Drone  
  27  2:17  Metabolic Boost  
  27  2:19  Drone  
  27  2:22  Drone  
  29  2:39  Hatchery  
  29  2:41  Overlord  
  29  2:43  Drone  
  29  2:46  Drone  
  29  2:49  Drone  
  31  2:52  Drone  
  31  2:53  Drone  
  33  3:00  Queen  
  33  3:01  Drone  
  35  3:08  Drone x3  
  35  3:12  Drone  
  39  3:13  Extractor  
  39  3:14  Drone  
  39  3:17  Drone  
  39  3:18  Drone  
  41  3:22  Drone  
  41  3:23  Drone  
  43  3:28  Drone  
  43  3:29  Evolution Chamber  
  43  3:30  Drone  
  44  3:36  Drone, Extractor  
  44  3:42  Extractor  
  44  3:43  Overlord  
  44  3:47  Drone  
  44  3:50  Queen  
  44  3:54  Overlord  
  44  3:55  Drone x2, Zerg Melee Weapons Level 1  
  47  3:58  Drone  
  47  3:59  Drone  
  47  4:02  Drone  
  51  4:06  Lair  
  51  4:14  Drone x4  
  51  4:16  Drone  
  56  4:23  Spore Crawler x2  
  54  4:25  Drone  
  55  4:39  Spore Crawler  
  55  4:41  Drone x4  
  55  4:42  Drone, Spore Crawler  
  58  4:47  Pneumatized Carapace  
  58  4:49  Overlord x2  
  58  5:06  Hydralisk Den  
  57  5:07  Drone  
  57  5:09  Drone  
  57  5:10  Zergling x6  
  57  5:11  Zergling x8  
  66  5:18  Overlord x2  
  66  5:33  Zergling x4  
  66  5:37  Muscular Augments  
  66  5:38  Drone x2, Queen  
  66  5:39  Drone  
  66  5:42  Drone x3  
  72  5:47  Spore Crawler  
  70  5:51  Zergling x2  
  70  5:52  Zergling x6  
  72  6:00  Drone  
  72  6:01  Drone x2  
  75  6:04  Overlord  
  75  6:05  Overlord  
  75  6:13  Queen  
  75  6:15  Spore Crawler, Hydralisk x3  
  75  6:16  Hydralisk  
  81  6:20  Drone  
  81  6:22  Overlord x2  
  82  6:28  Hydralisk x4  
  82  6:30  Hydralisk  
  90  6:37  Hydralisk x2  
  94  6:43  Drone x2  
  94  6:44  Drone  
  94  6:46  Hydralisk x2  
  101  6:49  Queen  
  98  6:56  Hydralisk x3  
  94  7:05  Hydralisk x3  
Show
View Real Time Build Order
Export as new Build Order

State Protoss - Winner!

Build Orders: 1 Gate Expand, Phoenix Opening 

Get SALT Encoding   

  12  0:01  Probe (Chrono Boost)  
  13  0:12  Probe (Chrono Boost)  
  14  0:18  Pylon  
  14  0:22  Probe (Chrono Boost)  
  15  0:36  Probe (Chrono Boost)  
  15  0:37  Gateway  
  16  0:42  Assimilator  
  16  0:47  Probe (Chrono Boost)  
  17  0:57  Probe (Chrono Boost)  
  18  1:08  Probe (Chrono Boost)  
  19  1:24  Nexus  
  19  1:29  Probe (Chrono Boost)  
  20  1:37  Cybernetics Core  
  20  1:40  Probe (Chrono Boost)  
  20  1:47  Assimilator  
  21  1:51  Probe (Chrono Boost)  
  22  1:56  Pylon  
  22  2:01  Probe (Chrono Boost)  
  23  2:15  Probe (Chrono Boost)  
  24  2:16  Stargate  
  24  2:21  Adept  
  26  2:25  Probe (Chrono Boost)  
  26  2:29  Warp Gate  
  27  2:37  Pylon, Probe (Chrono Boost)  
  29  2:47  Probe (Chrono Boost)  
  29  2:49  Mothership Core (Chrono Boost)  
  31  2:58  Probe (Chrono Boost)  
  31  3:06  Probe (Chrono Boost)  
  31  3:08  Probe (Chrono Boost)  
  31  3:09  Phoenix (Chrono Boost)  
  35  3:16  Probe  
  35  3:17  Gateway  
  36  3:20  Probe  
  36  3:25  Gateway  
  37  3:27  Probe  
  37  3:33  Pylon  
  37  3:34  Probe  
  39  3:41  Phoenix (Chrono Boost)  
  41  3:44  Probe  
  41  3:46  Probe  
  43  3:51  Adept  
  43  3:54  Probe  
  45  3:58  Probe  
  49  4:02  Phoenix (Chrono Boost)  
  49  4:05  Probe  
  50  4:10  Probe  
  50  4:15  Probe  
  51  4:17  Assimilator  
  51  4:20  Pylon  
  51  4:21  Assimilator  
  51  4:23  Probe  
  55  4:24  Phoenix (Chrono Boost)  
  55  4:26  Probe  
  55  4:30  Pylon  
  56  4:35  Probe  
  57  4:43  Probe  
  58  4:47  Phoenix (Chrono Boost)  
  60  4:53  Adept x3  
  60  4:56  Forge  
  60  4:57  Twilight Council  
  60  4:58  Probe  
  67  5:03  Probe  
  68  5:09  Phoenix (Chrono Boost)  
  71  5:21  Nexus  
  70  5:34  Phoenix (Chrono Boost)  
  72  5:35  Pylon  
  72  5:36  Pylon, Adept  
  72  5:37  Adept  
  76  5:53  Probe, Adept  
  76  5:55  Probe  
  76  5:56  Phoenix (Chrono Boost)  
  80  6:00  Pylon  
  80  6:06  Probe  
  81  6:12  Probe  
  81  6:18  Probe  
  83  6:19  Phoenix  
  83  6:24  Probe  
  86  6:30  Robotics Facility, Probe  
  86  6:31  Probe  
  88  6:36  Probe  
  88  6:37  Stalker  
  88  6:38  Stalker x2  
  95  6:41  Probe  
  95  6:42  Probe  
  95  6:44  Phoenix  
  99  6:48  Probe  
  99  6:52  Probe  
  101  6:54  Probe  
  101  7:00  Probe  
  101  7:03  Probe  
  92  7:09  Stalker x3  
  92  7:10  Probe  
  92  7:12  Probe  
  92  7:13  Probe  
  103  7:21  Assimilator  
  106  7:23  Assimilator  
Tags
 
Add a new tag
Caveats
  • Supply blocks, unpowered buildings, or Contaminate may cause inaccurate times.
  • Supply counts are checked every 10 seconds.